 Dungeon Crawl Stone Soup version 0.19.5 (webtiles) character file.

39 devil0150 the Magician (level 3, 0/21 HPs)
             Began as a High Elf Wizard on Apr 10, 2017.
             Succumbed to an adder's poison
             ... on level 2 of the Dungeon.
             The game lasted 00:07:49 (1777 turns).

devil0150 the Magician (High Elf Wizard)            Turns: 1777, Time: 00:07:50

Health: 0/21       AC:  2    Str:  7    XL:     3   Next: 28%
Magic:  7/10       EV: 12    Int: 26    God:
Gold:   72         SH:  0    Dex: 14    Spells: 1 memorised, 10 levels left

rFire  . . .     SeeInvis .     g - +0 club
rCold  . . .     Gourm    .     a - +0 robe
rNeg   . . .     Faith    .     (no shield)
rPois  .         Spirit   .     b - +0 hat
rElec  .         Reflect  .     (no cloak)
rCorr  .         Harm     .     (no gloves)
MR     .....                    (no boots)
Stlth  ++........               (no amulet)
                                (no ring)
                                (no ring)

@: brilliant, lethally poisoned (0 -> -13), very slightly contaminated, drained
A: no striking features
a: no special abilities


You were on level 2 of the Dungeon.
You were hungry.

You visited 1 branch of the dungeon, and saw 3 of its levels.

You collected 72 gold pieces.

Inventory:

Hand Weapons
 g - a +0 club (weapon)
 l - a +2 dagger of speed
 p - a +1 mace of draining
Missiles
 e - 6 needles of sleeping
 k - 2 javelins (quivered)
Armour
 a - a +0 robe (worn)
 b - a +0 hat (worn)
Wands
 q - a wand of hasting (7/9)
Scrolls
 n - a scroll of magic mapping
Potions
 h - a potion of berserk rage {unknown}
 i - 2 potions of curing {unknown}
 m - a potion of flight {unknown}
Books
 c - a book of Minor Magic

   Spells                             Type                      Level
   a - Magic Dart                     Conjuration                  1
   b - Blink                          Translocation                2
   c - Call Imp                       Summoning                    2
   d - Repel Missiles                 Charms/Air                   2
   e - Slow                           Hexes                        2
   f - Conjure Flame                  Conjuration/Fire             3
   g - Mephitic Cloud                 Conjuration/Poison/Air       3
Comestibles
 d - 2 bread rations
 j - a slice of pizza


   Skills:
 + Level 2.2(1.5) Dodging
 + Level 2.9(2.2) Stealth
 + Level 4.5(3.7) Spellcasting
 + Level 1.4(0.7) Conjurations
   Level 0.8(0.1) Summonings
   Level 1.1(0.4) Translocations


You had 10 spell levels left.
You knew the following spells:

 Your Spells              Type           Power        Failure   Level  Hunger
a - Magic Dart            Conj           ###.         1%          1    None


Dungeon Overview and Level Annotations

Branches:
Dungeon (3/15)

Altars:

Annotations:
D:3 Terence


Message History

The adder is moderately wounded.
The adder bites you.
You are more poisoned.
The adder poisons you! The adder bites you.
* * * LOW HITPOINT WARNING * * *
You closely miss the adder.
The adder is moderately wounded.
* * * LOW HITPOINT WARNING * * *
You feel sick. The adder closely misses you.
You miss the adder.
The adder is moderately wounded.
* * * LOW HITPOINT WARNING * * *
You feel sick. The adder bites you but does no damage. The adder bites you.
* * * LOW HITPOINT WARNING * * *
You are more poisoned.
The adder poisons you!
Unknown command.
It was a potion of brilliance.
You feel clever all of a sudden.
You die...

.......# *,,,,,,* **,,*,,**
.......# *,,,,,,##* *,,*****
..>.)..# *,,,,,,,.## *,**
.......# *,,,,,,,..#***,***
...[...#
*,,,,,,,...,,,,,,*******
#..#####
********#.#*****,,,,,,,, #.##
#.#######,,,,,,* ..#
########.?......,,,,,** ..#
#.....@Sb.#***,**,,,,* ..#
##..#####...%...******* ..#
##.#######...#.** *,, .##
####........,###,,* **,* .##
#####......<####*****,***,,*
..# #.....####.## *,,,,,,,**
..####.###...##[.# *,**,*****
.......##.....##.#*#####,**,*
*,
.......#.......#.##....,,**,**
*,


You could see an adder and a bat.

Vanquished Creatures
  A worm (D:2)
  A leopard gecko (D:1)
  4 giant cockroaches (D:1)
  6 goblins
  4 hobgoblins
  7 bats
  3 frilled lizards
  4 kobolds
  3 rats (D:1)
33 creatures vanquished.

Notes
Turn   | Place    | Note
-------+----------+-------------------------------------------
     0 | D:1      | devil0150 the High Elf Wizard began the quest for the Orb.
     0 | D:1      | Reached XP level 1. HP: 11/11 MP: 6/6
   216 | D:1      | Reached skill level 4 in Spellcasting
   220 | D:1      | Reached XP level 2. HP: 14/17 MP: 0/8
  1057 | D:2      | Reached XP level 3. HP: 21/21 MP: 4/9
  1174 | D:2      | Noticed Terence
  1776 | D:2      | HP: 1/21 [adder (2)]
  1777 | D:2      | Succumbed to an adder's poison

Skill      XL: |  1 |
---------------+----+-----
Spellcasting   | 4 |  4.5
Dodging        | |  2.2
Stealth        | |  2.9
Conjurations   | |  1.4
Summonings     | |  0.8
Translocations | |  1.1

Action                   || total
-------------------------++-------
Melee: Unarmed           ||     3
       Club              ||    31
Throw: Javelin           ||     2
 Cast: Magic Dart        ||    91
  Use: Scroll            ||     6
       Potion            ||     1
  Eat: Chunk             ||     2
Armor: Robe              ||    19
Dodge: Dodged            ||    56
